 Dungeon Crawl Stone Soup version 0.25.1-2-g60ff931df9 (webtiles) character file.

Game seed: 785623428061875960

341 Delamore the Shield-Bearer (level 6, -5/40 HPs)
             Began as a Gargoyle Fighter on Aug 29, 2020.
             Killed from afar by Dowan (18 damage)
             ... with a shard of ice
             ... on level 4 of the Dungeon.
             The game lasted 00:02:00 (2561 turns).

Delamore the Shield-Bearer (Gargoyle Fighter)       Turns: 2561, Time: 00:02:01

Health: -5/40      AC: 14    Str: 21    XL:     6   Next: 56%
Magic:  6/6        EV:  5    Int:  9    God:
Gold:   117        SH:  9    Dex:  9    Spells: 5/5 levels left

rFire    . . .     SeeInvis .   s - +1 whip (flame)
rCold    + . .     Gourm    .   c - +0 kite shield
rNeg     + . .     Faith    .   n - +0 chain mail (curse)
rPois    ∞         Spirit   .   (no helmet)
rElec    +         Reflect  .   (no cloak)
rCorr    .         Harm     .   (no gloves)
MR       .....     Rnd*Tele +   (no boots)
Stlth    ..........             (no amulet)
HPRegen  0.13/turn              k - ring of teleportation (curse)
MPRegen  0.10/turn              p - ring of protection from cold

@: no status effects
A: negative energy resistance 1, electricity resistance, unbreathing,
petrification resistance, rot immunity, AC +4
a: no special abilities


You were on level 4 of the Dungeon.
You were hungry.

You visited 1 branch of the dungeon, and saw 4 of its levels.

You collected 117 gold pieces.

Inventory:

Hand Weapons
 a - a +0 flail
 s - a +1 whip of flaming (weapon)
Armour
 b - a +0 scale mail
 c - a +0 kite shield (worn)
 n - a cursed +0 chain mail (worn)
Jewellery
 k - a cursed ring of teleportation (left hand)
 p - a ring of protection from cold (right hand)
Scrolls
 g - 2 scrolls of identify {unknown}
 i - a scroll of noise {unknown}
 j - 2 scrolls of teleportation {unknown}
 q - 2 scrolls of remove curse {unknown}
 u - a scroll of enchant weapon {unknown}
 w - a scroll of magic mapping {unknown}
 x - a scroll of amnesia {unknown}
Potions
 d - 2 potions of might
 e - a potion of resistance {unknown}
 h - a potion of curing {unknown}
 l - a potion of degeneration {unknown}
 m - 2 potions of invisibility {unknown}
 o - 2 potions of heal wounds {unknown}
 r - a potion of stabbing {unknown}
 t - a potion of brilliance {unknown}
Comestibles
 f - 4 rations


   Skills:
 + Level 4.8 Fighting
 + Level 3.7 Maces & Flails
 + Level 4.8 Armour
 + Level 4.8 Shields


You had 5 spell levels left.
You didn't know any spells.
Your spell library was empty.

Dungeon Overview and Level Annotations

Branches:
Dungeon (4/15)
 Temple: D:4-7

Altars:
Ru

Annotations:
D:4 Dowan


Innate Abilities, Weirdness & Mutations

You are resistant to torment.
Your stone body is resilient. (AC +4)
You are immune to poison.
You resist negative energy. (rN+)
You are resistant to electric shocks. (rElec)
You can survive without breathing.
You are immune to petrification.
You are immune to rotting.


Message History

Duvessa is almost dead.
You block Duvessa's attack. Dowan hits you with a +0 dagger.
The worker ant bites you but does no damage.
Duvessa hits you but does no damage.
You closely miss Duvessa.
Duvessa is almost dead.
You are no longer glowing.
You block Dowan's attack. Duvessa hits you but does no damage.
The worker ant bites you but does no damage.
You hit Duvessa. You burn Duvessa.
You kill Duvessa!
Dowan screams, "No!
Oh no!"
Dowan seems to find hidden reserves of power!
You block Dowan's attack.
The worker ant bites you but does no damage.
Dowan hits you but does no damage.
The worker ant bites you but does no damage.
Dowan casts a spell at you. The shard of ice hits you!! You partially resist.
You die...

# #. #######
#..#.....####
##...........####.
#.....a@..........
..>...e)..Z.......
.................#
..=..............#
.................#
....(..<.........#
..................
#.........!......#
...............##


You could see Dowan (fast), a worker ant and a leopard gecko skeleton.

Vanquished Creatures
  Duvessa (D:4)
  An ogre (D:3)
  A howler monkey (D:3)
  An orc wizard (D:3)
  2 adders
  An ooze (D:1)
  A worm (D:2)
  A dart slug (D:3)
  7 orcs (D:3)
  A ball python (D:3)
  8 bats
  3 giant cockroaches
  6 goblins
  7 hobgoblins
  4 jackals (D:1)
  3 frilled lizards
  8 kobolds
  4 rats
60 creatures vanquished.

Notes
Turn   | Place    | Note
-------+----------+-------------------------------------------
     0 | D:1      | Delamore the Gargoyle Fighter began the quest for the Orb.
     0 | D:1      | Reached XP level 1. HP: 14/14 MP: 1/1
   214 | D:1      | Reached XP level 2. HP: 19/19 MP: 2/2
   733 | D:2      | Reached XP level 3. HP: 23/23 MP: 3/3
  1012 | D:2      | Found a sacrificial altar of Ru.
  1592 | D:3      | Reached XP level 4. HP: 27/29 MP: 4/4
  1907 | D:3      | Reached XP level 5. HP: 30/33 MP: 5/5
  2240 | D:4      | Noticed Duvessa
  2240 | D:4      | Noticed Dowan
  2248 | D:4      | Noticed an ogre
  2410 | D:3      | Killed an ogre
  2410 | D:3      | Reached XP level 6. HP: 22/39 MP: 6/6
  2560 | D:4      | Killed Duvessa
  2561 | D:4      | Killed from afar by Dowan

Illustrated notes

Levels and vault maps discovered:
D:1:      lordsloth_arrival_two_stooges, layout_basic, serial_glass,
          glass_columns_a, glass_columns_c, glass_columns_b, glass_columns_a,
          glass_columns_a, glass_columns_a, glass_columns_a, glass_columns_b
D:2:      layout_basic, lemuel_round_altar
D:3:      layout_rooms, first_ration, minivault_27
D:4:      layout_cave_pods, tso_metal_star, grunt_temple_overflow_open,
          minmay_temple_entry_mist, serial_shops, shop_coins, uniq_duvessa

Skill      XL: |  1  2  3  4  5 |
---------------+----------------+-----
Fighting       | 4 |  4.8
Armour         | 4 |  4.8
Shields        | 4 |  4.8
Maces & Flails | 3 |  3.7

Action                   |  1- 3 |  4- 6 || total
-------------------------+-------+-------++-------
Melee: Flail             |   124 |       ||   124
       Whip              |    16 |   126 ||   142
  Eat: Chunk             |     2 |     3 ||     5
Armor: Scale mail        |    74 |       ||    74
       Chain mail        |    10 |    93 ||   103
Dodge: Dodged            |    52 |    32 ||    84
Block: Kite shield       |    84 |    69 ||   153
